 Dungeon Crawl Stone Soup version 0.29-a0-477-g62b78b4225 (webtiles) character file.

Game seed: 1597957646503273432

25738 Solar42 the Blocker (level 12, -3/89 HPs)
             Began as a Vampire Gladiator on May 24, 2022.
             Was a High Priest of Jiyva.
             Slain by a spark wasp (5 damage)
             ... on level 2 of the Spider Nest.
             The game lasted 00:34:29 (5994 turns).

Solar42 the Blocker (Vampire Gladiator)             Turns: 5994, Time: 00:34:30

Health: -3/89      AC: 36    Str: 23    XL:     12   Next: 92%
Magic:  12/12      EV:  8    Int: 17    God:    Jiyva [*****.]
Gold:   1561       SH:  0    Dex: 20    Spells: 11/11 levels left

rFire   + . .      SeeInvis +   n - +9 dagger of the Baking Ancients {spect, rElec rF+}
rCold   . . .      Faith    .   i - +4 kite shield
rNeg    . . .      Spirit   .   r - +15 crystal plate armour of Shielding {*Corrode rPois Dex+2}
rPois   +          Reflect  .   c - +0 helmet
rElec   +          Harm     .   (no cloak)
rCorr   +          Rampage  .   z - +0 pair of gloves
Will    +++..                   k - +0 pair of boots
Stlth   ..........              w - amulet of regeneration
HPRegen 2.68/turn               g - +6 ring of intelligence
MPRegen 0.58/turn               d - ring of Ogeoqu {+Blink Fly Will++ Str+6 SInv}

@: confused, lethally poisoned (-3 -> -3), corroded, flying, healing quickly,
slowed, studying Evocations, very slow
A: alive, fangs 3, see invisible, vampiric 2, claws 2, agile 1, screaming 1,
acidic bite, gelatinous body 3, MP-powered wands
a: Exsanguinate, Renounce Religion, Evoke Blink, Oozemancy, Slimify


You were on level 2 of the Spider Nest.
You worshipped Jiyva.
Jiyva was extremely pleased with you.
You visited 4 branches of the dungeon, and saw 16 of its levels.

You collected 1585 gold pieces.
You spent 24 gold pieces at shops.

Inventory:

Hand Weapons
 a - a +1 long sword of freezing
 n - the +9 dagger of the Baking Ancients (weapon) {spect, rElec rF+}
   (You found it on level 5 of the Dungeon)

   When its wielder attacks, the weapon's spirit leaps out and strikes again.
   The spirit shares a part of any damage it takes with its wielder.
   rF:        It protects you from fire.
   rElec:     It insulates you from electricity.
 y - a +0 hand crossbow
Missiles
 b - 17 poisoned darts (quivered)
 e - 4 javelins
 B - 5 boomerangs of dispersal
Armour
 c - a +0 helmet (worn)
 i - a +4 kite shield (worn)
 k - a +0 pair of boots (worn)
 r - the +15 crystal plate armour of Shielding (worn) {*Corrode rPois Dex+2}
   (You acquired it on level 6 of the Dungeon)

   Dex:       It affects your dexterity (+2).
   rPois:     It protects you from poison.
   *Corrode:  It may corrode you when you take damage.
 z - a +0 pair of gloves (worn)
Jewellery
 d - the ring of Ogeoqu (right hand) {+Blink Fly Will++ Str+6 SInv}
   (You acquired it on level 5 of the Dungeon)

   [ring of strength]

   Str:       It affects your strength (+6).
   SInv:      It lets you see invisible.
   Fly:       It grants you flight.
   +Blink:    It lets you blink.
   Will:      It greatly increases your willpower.
 g - a +6 ring of intelligence (left hand)
 j - a ring of fire
 q - an amulet of faith
 w - an amulet of regeneration (around neck)
Wands
 s - a wand of paralysis (14)
 D - a wand of iceblast (6)
 E - a wand of charming (1)
 F - a wand of flame (1)
Scrolls
 f - 2 scrolls of fear
 C - 3 scrolls of teleportation
 G - 3 scrolls of identify
 H - 2 scrolls of fog
Potions
 h - a potion of berserk rage
 l - a potion of ambrosia
 m - 2 potions of degeneration
 o - 2 potions of brilliance
 t - 2 potions of cancellation
 u - a potion of magic
 v - a potion of haste
 x - a potion of might
 A - a potion of lignification


   Skills:
 + Level 6.7 Fighting
 + Level 10.8(11.7) Short Blades
 + Level 6.3(9.0) Long Blades
 + Level 3.0 Throwing
 + Level 7.3 Armour
 + Level 5.6 Dodging
 + Level 11.2 Stealth
 + Level 11.4 Shields
 + Level 1.4 Evocations


You had 11 spell levels left.
You didn't know any spells.
Your spell library contained the following spells:

 Spells                   Type           Power      Damage    Failure   Level
 Sting                    Tmut/Pois      0%         1d3       100%        1
 Blink                    Tloc           0%         N/A       100%        2
 Poisonous Vapours        Pois/Air       0%         N/A       100%        2
 Corpse Rot               Necr/Pois/Air  0%         N/A       100%        4
 Dispel Undead            Necr           0%         3d6       100%        4
 Olgreb's Toxic Radiance  Pois           0%         N/A       100%        4
 Passage of Golubria      Tloc           0%         N/A       100%        4
 Manifold Assault         Tloc           0%         N/A       100%        5
 Silence                  Hex/Air        0%         N/A       100%        5
 Death Channel            Necr           0%         N/A       100%        6
 Storm Form               Tmut/Air       0%         N/A       100%        7
 Lehudib's Crystal Spear  Conj/Erth      0%         10d2      100%        8


Dungeon Overview and Level Annotations

Branches:
Dungeon (10/15)            Temple (1/1) D:4            Lair (3/6) D:10
 Spider (1/4) Lair:3
  Swamp: Lair:2-4    Shoals: Lair:2-4       Orc: D:9-12

Altars:
Ashenzari
Cheibriados
Dithmenos
Elyvilon
Fedhas
Gozag
Hepliaklqana
Kikubaaqudgha
Makhleb
Nemelex Xobeh
Okawaru
Qazlal
Ru
Sif Muna
Trog
Uskayaw
Vehumet
Wu Jian
Xom
Yredelemnul
Zin
The Shining One
Jiyva

Shops:
D:4 (   D:6 *


Innate Abilities, Weirdness & Mutations

Your natural rate of healing is accelerated.
You have razor-sharp teeth.
You have supernaturally acute eyesight. (SInv)
You are afflicted with vampirism and can become a bat while bloodless.
You have very sharp fingernails.
You are agile. (Dex +2)
You occasionally shout uncontrollably at your foes.
You have acidic saliva.
Your gelatinous body deflects attacks. (AC +3, EV +3)
You expend magic power (3 MP) to strengthen your wands.


Message History

* * * LOW HITPOINT WARNING * * *
The jumping spider bites you.
* * * LOW HITPOINT WARNING * * *
Your corrosive artefact corrodes you!
The culicivora bites you.
* * * LOW HITPOINT WARNING * * *
The culicivora draws strength from your injuries!
The jumping spider leaps! x2
The culicivora bites you but does no damage.
The redback's wounds heal themselves!
The jumping spider leaps!
You feel much better.
You feel sick.
The culicivora hisses angrily.
The culicivora bites you but does no damage.
The steelbarb worm barely misses you.
The jumping spider leaps!
The culicivora barely misses you. The culicivora misses you.
The steelbarb worm hits you but does no damage.
A culicivora comes into view.
The tarantella barely misses you.
The jumping spider leaps!
Okay, then.
You bump into the rock wall.
You feel sick.
The culicivora hisses angrily.
You hear an angry hiss.
The spark wasp stings you but does no damage.
The culicivora barely misses you. The culicivora bites you.
The culicivora draws strength from your injuries!
The tarantella touches you but does no damage.
A culicivora comes into view.
The steelbarb worm closely misses you. The spark wasp stings you!
The spark wasp shocks you. You resist.
A redback comes into view.
The culicivora bites you but does no damage.
The culicivora bites you!
* * * LOW HITPOINT WARNING * * *
The culicivora draws strength from your injuries!
The entropy weaver casts a spell at you.
The jelly closely misses the culicivora.
The tarantella touches you.
* * * LOW HITPOINT WARNING * * *
The steelbarb worm barely misses you. The spark wasp stings you!
* * * LOW HITPOINT WARNING * * *
The spark wasp shocks you. You resist.
You die...

.# ... #.......#.
#..#. ... ##.. . ..
##...#.#.#
##......#.. .#
#...##ssy.##.#
###s..#.#@s..#
###s..°#sBwwss#...#
#.s#.ssss.ssssJ°....
##s...ssss##w.#..#..
####.#.#.#.^s#s..^..
#..sss^#.#°#.
.#.#.#.
##:...ss.sw..
......# #.##s#s#^.#J
...°#.. ###...sss^#.
##..


You could see an entropy weaver, a steelbarb worm, a spark wasp, 2 torpor
snails, a demonic crawler, an orb spider, 5 culicivoras, 2 jumping spiders, 4
tarantellas, 7 redbacks and 2 neutral jellies (fellow slime).

Vanquished Creatures
  A spark wasp (Spider:2)
  An entropy weaver (Spider:1)
  2 boulder beetles (D:8)
  2 hydras
  Erica (D:9)
  A two-headed ogre (D:9)
  An ogre mage (D:8)
  A radroach (Spider:1)
  A centaur warrior (D:8)
  A pharaoh ant (Spider:2)
  A deep troll (Lair:1)
  2 wolf spiders (Spider:2)
  An ugly thing (D:8)
  6 elephants (Lair:3)
  A gargoyle (D:8)
  2 cane toads (Lair:1)
  A demonic crawler (Spider:2)
  A rime drake (Lair:1)
  A komodo dragon (Lair:2)
  A hornet (D:8)
  2 tarantellas
  A troll (D:8)
  6 blink frogs
  4 jumping spiders
  2 culicivoras (Lair:3)
  A shadow (D:9)
  23 yaks
  2 wraiths
  10 redbacks
  3 steam dragons
  A basilisk (Lair:3)
  3 wyverns (D:8)
  An acid dragon (D:10)
  7 water moccasins
  3 orc warriors
  2 ice beasts
  A sky beast (D:7)
  2 ogres
  A black bear (D:5)
  4 centaurs (D:8)
  A phantom (D:5)
  3 kobold brigands
  8 bullfrogs
  3 gnoll sergeants
  2 necrophages
  2 scorpions (D:4)
  3 wights (D:8)
  5 killer bees
  6 howler monkeys
  5 hounds
  5 orc priests
  A gnoll shaman (D:8)
  An iguana (D:5)
  5 orc wizards
  7 gnolls (D:9)
  2 adders
  A white imp (D:6)
  2 worms
  2 dart slugs
  28 orcs
  2 bats
  3 giant cockroaches
  2 goblins
  3 hobgoblins (D:4)
  2 quokkas
  4 ball pythons
  A frilled lizard (D:2)
  8 kobolds
225 creatures vanquished.

Vanquished Creatures (others)
  A kobold brigand (D:7)
  10 jellies
  2 hounds
  An iguana (D:6)
  An orc wizard (D:10)
  4 adders
  A white imp (D:6)
  3 worms
  A dart slug (D:4)
  9 orcs
  2 endoplasms
  2 giant cockroaches (D:6)
  3 goblins
  3 ball pythons
  A frilled lizard (D:2)
  5 kobolds
  A rat (D:2)
  12 fungi
  20 plants
82 creatures vanquished.

Grand Total: 307 creatures vanquished

Notes
Turn   | Place    | Note
-------+----------+-------------------------------------------
     0 | D:1      | Solar42 the Vampire Gladiator began the quest for the Orb.
     0 | D:1      | Reached XP level 1. HP: 16/16 MP: 1/1
   121 | D:1      | Found a faded altar of an unknown god.
   131 | D:1      | Prayed at the altar of an unknown god.
   131 | D:1      | Became a worshipper of Jiyva Jaeggi the Shapeless
   131 | D:1      | Reached * piety under Jiyva
   302 | D:2      | Reached XP level 2. HP: 22/22 MP: 2/2
   333 | D:2      | Reached ** piety under Jiyva
   744 | D:3      | Reached *** piety under Jiyva
   840 | D:4      | Gained mutation: You are afflicted with vampirism and can
                  | become a bat while bloodless. [Vampire growth]
   840 | D:4      | Reached XP level 3. HP: 25/27 MP: 3/3
   865 | D:4      | Reached XP level 4. HP: 33/33 MP: 4/4
   891 | D:4      | Noticed a scorpion
   893 | D:4      | Reached skill level 1 in Shields
   922 | D:4      | Killed a scorpion
   923 | D:4      | Reached skill level 1 in Armour
   972 | D:4      | Reached XP level 5. HP: 37/37 MP: 5/5
  1060 | D:4      | Found a basalt altar of Yredelemnul.
  1066 | D:4      | Gained mutation: Your translucent skin slightly reduces
                  | your foes' accuracy. (Stealth+) [Jiyva's grace]
  1066 | D:4      | Gained mutation: Your translucent skin reduces your foes'
                  | accuracy. (Stealth+) [Jiyva's grace]
  1066 | D:4      | Gained mutation: Your transparent skin significantly
                  | reduces your foes' accuracy. (Stealth+) [Jiyva's grace]
  1066 | D:4      | Gained mutation: You have a somewhat thin skeletal
                  | structure. (Dex +2, Stealth+) [Jiyva's grace]
  1149 | D:4      | Found Doomiad's Weapon Emporium.
  1342 | D:4      | Reached **** piety under Jiyva
  1441 | D:4      | Found a staircase to the Ecumenical Temple.
  1451 | Temple   | Entered the Ecumenical Temple
  1623 | D:5      | Entered Level 5 of the Dungeon
  1630 | D:5      | Identified a scroll of acquirement
  1630 | D:5      | Acquired the ring of Ogeoqu {+Blink Fly Will++ Str+6 SInv}
  1635 | D:5      | Lost mutation: You have a somewhat thin skeletal structure.
                  | (Dex +2, Stealth+) [potion of mutation]
  1635 | D:5      | Lost mutation: Your transparent skin significantly reduces
                  | your foes' accuracy. (Stealth+) [potion of mutation]
  1635 | D:5      | Gained mutation: Your spells are a little easier to cast,
                  | but a little less powerful. [potion of mutation]
  1639 | D:5      | Found a shadowy altar of Dithmenos.
  1664 | D:5      | Reached XP level 6. HP: 46/46 MP: 6/6
  1790 | D:5      | Identified the +9 dagger of the Baking Ancients {spect,
                  | rElec rF+}
  1823 | D:5      | Found a faded altar of an unknown god.
  1823 | D:5      | Found a faded altar of an unknown god.
  1823 | D:5      | Found a faded altar of an unknown god.
  1825 | D:5      | Found a hazy altar of Hepliaklqana.
  1901 | D:5      | Reached ***** piety under Jiyva
  1907 | D:5      | Noticed a water moccasin
  1915 | D:5      | Killed a water moccasin
  1917 | D:5      | Gained mutation: You have a somewhat thin skeletal
                  | structure. (Dex +2, Stealth+) [Jiyva's grace]
  1917 | D:5      | Gained mutation: You have a moderately thin skeletal
                  | structure. (Dex +4, Stealth++) [Jiyva's grace]
  1917 | D:5      | Gained mutation: You have an unnaturally thin skeletal
                  | structure. (Dex +6, Stealth+++) [Jiyva's grace]
  1917 | D:5      | Gained mutation: Your body has grown eyes which may confuse
                  | attackers. (Acc +3) [Jiyva's grace]
  2012 | D:5      | Found a snail-covered altar of Cheibriados.
  2019 | D:5      | Reached skill level 5 in Long Blades
  2019 | D:5      | Reached XP level 7. HP: 51/51 MP: 7/7
  2256 | D:5      | Found a burning altar of Makhleb.
  2256 | D:5      | Noticed a green death
  2272 | D:5      | Noticed an orange demon
  2272 | D:5      | Noticed an orange demon
  2402 | D:6      | Reached skill level 1 in Stealth
  2419 | D:6      | Acquired the +15 crystal plate armour of Shielding
                  | {*Corrode rPois Dex+2}
  2437 | D:6      | Found Iyghouwusch's Incredible Inventory.
  2452 | D:6      | Bought a scroll of identify for 24 gold pieces
  2640 | D:6      | Reached skill level 5 in Dodging
  2671 | D:6      | Found an opulent altar of Gozag.
  2720 | D:6      | Reached skill level 1 in Short Blades
  2810 | D:7      | Noticed a steam dragon
  2815 | D:7      | Killed a steam dragon
  2816 | D:7      | Reached XP level 8. HP: 58/58 MP: 8/8
  2972 | D:7      | Found a sacrificial altar of Ru.
  3010 | D:7      | Lost mutation: Your translucent skin reduces your foes'
                  | accuracy. (Stealth+) [Jiyva's grace]
  3010 | D:7      | Gained mutation: You have sharp fingernails. [Jiyva's
                  | grace]
  3010 | D:7      | Gained mutation: You have very sharp fingernails. [Jiyva's
                  | grace]
  3010 | D:7      | Gained mutation: You have claws for hands. [Jiyva's grace]
  3010 | D:7      | Gained mutation: Your flesh is heat resistant. (rF+)
                  | [Jiyva's grace]
  3222 | D:8      | Noticed a red ugly thing
  3234 | D:8      | Killed a red ugly thing
  3235 | D:8      | Reached XP level 9. HP: 65/65 MP: 9/9
  3241 | D:8      | Reached skill level 5 in Stealth
  3246 | D:8      | Noticed a troll
  3246 | D:8      | Noticed a boulder beetle
  3246 | D:8      | Noticed an ogre mage
  3246 | D:8      | Noticed a centaur warrior
  3249 | D:8      | Killed a troll
  3250 | D:8      | Reached skill level 5 in Short Blades
  3258 | D:8      | Killed an ogre mage
  3259 | D:8      | Reached skill level 5 in Shields
  3272 | D:8      | Killed a centaur warrior
  3294 | D:8      | Killed a boulder beetle
  3295 | D:8      | Reached skill level 5 in Armour
  3295 | D:8      | Reached skill level 1 in Evocations
  3295 | D:8      | Reached XP level 10. HP: 73/73 MP: 10/10
  3456 | D:8      | Reached ****** piety under Jiyva
  3459 | D:8      | Found a radiant altar of Vehumet.
  3464 | D:8      | Reached skill level 5 in Fighting
  3509 | D:8      | Found an ancient bone altar of Kikubaaqudgha.
  3562 | D:8      | Lost mutation: You have an unnaturally thin skeletal
                  | structure. (Dex +6, Stealth+++) [potion of mutation]
  3562 | D:8      | Lost mutation: You have a moderately thin skeletal
                  | structure. (Dex +4, Stealth++) [potion of mutation]
  3562 | D:8      | Lost mutation: Your flesh is heat resistant. (rF+) [potion
                  | of mutation]
  3562 | D:8      | Gained mutation: You occasionally shout uncontrollably at
                  | your foes. [potion of mutation]
  3562 | D:8      | Gained mutation: You have hidden genetic potential. [potion
                  | of mutation]
  3563 | D:8      | Acquired 1009 gold pieces
  3814 | D:8      | Noticed a gargoyle
  3837 | D:8      | Noticed a boulder beetle
  3843 | D:8      | Killed a gargoyle
  3904 | D:8      | Killed a boulder beetle
  3905 | D:8      | Reached XP level 11. HP: 72/80 MP: 11/11
  4371 | D:9      | Noticed Erica
  4387 | D:9      | Killed Erica
  4478 | D:9      | Noticed a five-headed hydra
  4492 | D:9      | Killed a five-headed hydra
  4508 | D:9      | Gained mutation: You are agile. (Dex +2) [hidden potential]
  4547 | D:9      | Noticed a two-headed ogre
  4555 | D:9      | Killed a two-headed ogre
  4782 | D:9      | Found a stormy altar of Qazlal.
  4796 | D:10     | Entered Level 10 of the Dungeon
  4903 | D:10     | Lost mutation: You have claws for hands. [Jiyva's grace]
  4903 | D:10     | Lost mutation: You have a somewhat thin skeletal structure.
                  | (Dex +2, Stealth+) [Jiyva's grace]
  4903 | D:10     | Lost mutation: Your body has grown eyes which may confuse
                  | attackers. (Acc +3) [Jiyva's grace]
  4903 | D:10     | Lost mutation: Your translucent skin slightly reduces your
                  | foes' accuracy. (Stealth+) [Jiyva's grace]
  4903 | D:10     | Lost mutation: Your spells are a little easier to cast, but
                  | a little less powerful. [Jiyva's grace]
  4903 | D:10     | Gained mutation: You have acidic saliva. [Jiyva's grace]
  4903 | D:10     | Gained mutation: Your rubbery body absorbs attacks. (AC +1,
                  | EV +1) [Jiyva's grace]
  4903 | D:10     | Gained mutation: Your pliable body absorbs attacks. (AC +2,
                  | EV +2) [Jiyva's grace]
  4903 | D:10     | Gained mutation: Your gelatinous body deflects attacks. (AC
                  | +3, EV +3) [Jiyva's grace]
  4983 | D:10     | Found a staircase to the Lair.
  5040 | Lair:1   | Entered Level 1 of the Lair of Beasts
  5119 | Lair:1   | Reached skill level 10 in Short Blades
  5321 | Lair:1   | Noticed a deep troll
  5328 | Lair:1   | Killed a deep troll
  5396 | Lair:2   | Noticed a seven-headed hydra
  5403 | Lair:2   | Killed a seven-headed hydra
  5404 | Lair:2   | Reached XP level 12. HP: 80/88 MP: 12/12
  5642 | Lair:3   | Found a hole to the Spider Nest.
  5689 | Lair:3   | Gained mutation: You expend magic power (3 MP) to
                  | strengthen your wands. [hidden potential]
  5689 | Lair:3   | Lost mutation: You have hidden genetic potential. [hidden
                  | potential expressed]
  5702 | Lair:3   | Reached skill level 10 in Shields
  5735 | Lair:3   | Reached skill level 10 in Stealth
  5816 | Spider:1 | Entered Level 1 of the Spider Nest
  5817 | Spider:1 | Noticed a radroach
  5832 | Spider:1 | Killed a radroach
  5862 | Spider:1 | Noticed an entropy weaver
  5862 | Spider:1 | Noticed a radroach
  5872 | Spider:1 | Killed an entropy weaver
  5875 | Spider:1 | You are sucked into a shaft and drop 1 floor!
  5878 | Spider:2 | Noticed an entropy weaver
  5905 | Spider:2 | Noticed a spark wasp
  5907 | Spider:2 | Noticed a spark wasp
  5967 | Spider:2 | Killed a spark wasp
  5994 | Spider:2 | HP: 2/89 [spark wasp (16)]
  5994 | Spider:2 | Slain by a spark wasp

Illustrated notes

Levels and vault maps discovered:
D:1:      minmay_arrival_four_houses, layout_basic,
          hellmonk_ecumenical_altar_arch_garden, serial_glass, glass_columns_b,
          glass_columns_c, minmay_pentomino_p2
D:2:      layout_basic, minmay_indecisive_spiral
D:3:      layout_loops_corners
D:4:      layout_basic, kennysheep_mini_moat,
          minmay_temple_entry_statues_fountains, serial_shops,
          nicolae_shop_crystal, kennysheep_generic_room_5
D:5:      layout_cave_pods, nicolae_hepliaklqana_ecumenical_no_more,
          mainiacjoe_overflow_paths, kennysheep_slug_shrine,
          makhleb_altar_promises_db, roderic_lattice_a, minivault_1
D:6:      layout_gridville, grunt_gozag_breadcrumbs,
          cheibrodos_sewer_entry_drain, nicolae_alphabet_shops, minivault_5,
          serial_bayou_crossing
D:7:      wander_river, layout_cave_pods, nicolae_elyvilon_peaceful_grove,
          nicolae_ru_sacrificial_ziggurat, amcnicky_mini_pool_small,
          minmay_manual_mess
D:8:      nzn_winding_woodlands_stair_cross [nzn_winding_woodlands_5x15_crooked,
          nzn_winding_woodlands_center_pierced_h,
          nzn_winding_woodlands_5x15_concentric,
          nzn_winding_woodlands_5x5_checkerboard,
          nzn_winding_woodlands_5x5_default, nzn_winding_woodlands_5x15_pool,
          nzn_winding_woodlands_center_lodge,
          nzn_winding_woodlands_5x15_garden], layout_basic,
          jmf_multi_god_temple, minmay_fractal_squares_gapless_5
D:9:      layout_basic, mainiacjoe_overflow_tiny_flanked, minmay_misc_feat_rows,
          uniq_erica
D:10:     layout_cave_pools, lair_entry_dummy
Temple:   chequers_temple_sunken
Lair:1:   dreamdust_cave_troll, layout_long_grid, lemuel_fruit_tree,
          infiniplex_staircase_pool, grunt_megastairs_4
Lair:2:   lemuel_ratsnest, layout_loops_ring, grunt_forest_small_clearing_treed,
          grunt_megastairs_5
Lair:3:   layout_loops_ring, swamp_mist_pool, nicolae_spider_entry_tight_spaces,
          hellmonk_ghost_happy_afterlife, bobbens_dragon_lair_wall
Spider:1: layout_spider_delve, uniq_nikola
Spider:2: layout_spider_delve, ebering_ghost_disaster_area,
          nicolae_spider_undead_wolf_pack

Skill      XL: |  1  2  3  4  5  6  7  8  9 10 11 12 |
---------------+-------------------------------------+-----
Fighting       | 2 3 4 5 6 |  6.7
Shields        | 1 2 3 4 5 7 9 11 | 11.4
Armour         | 1 2 3 4 5 6 7 |  7.3
Dodging        | 4 5 |  5.6
Long Blades    | 4 5 6 |  6.3
Stealth        | 2 4 6 7 9 11 | 11.2
Short Blades   | 1 4 7 9 10 | 10.8
Evocations     | 1 |  1.4
Throwing       | 2 3 |  3.0

Action                   |  1- 3 |  4- 6 |  7- 9 | 10-12 || total
-------------------------+-------+-------+-------+-------++-------
Melee: Long sword        |    86 |   100 |       |       ||   186
       Bite              |     4 |    11 |    23 |   124 ||   162
       Dagger            |       |     9 |   130 |   652 ||   791
Throw: Throwing net      |       |     3 |       |       ||     3
       Dart              |       |     1 |       |    15 ||    16
Invok: Oozemancy         |       |     1 |       |       ||     1
       Slimify           |       |       |     1 |       ||     1
Evoke: Wand              |       |       |     2 |     1 ||     3
  Use: Scroll            |       |     9 |     3 |    14 ||    26
       Potion            |       |     1 |     4 |     3 ||     8
 Stab: Sleeping          |       |     1 |     1 |       ||     2
       Distracted        |       |       |     3 |    15 ||    18
       Paralysed         |       |       |     1 |       ||     1
       Confused          |       |       |       |     4 ||     4
Armor: Ring mail         |    51 |    14 |       |       ||    65
       Scale mail        |       |    20 |     3 |       ||    23
       Crystal plate arm |       |       |    39 |   394 ||   433
Dodge: Dodged            |    39 |    65 |     9 |   158 ||   271
Block: Kite shield       |    51 |    62 |    61 |   501 ||   675

Table legend: (Time is in decaauts)
 A = Elapsed time spent in this place.
 B = Non-inter-level travel time spent in this place.
 C = Inter-level travel time spent in this place.
 D = Time resting spent in this place.
 E = Time spent auto-exploring this place.
 F = Levels seen in this place.
 G = Mean time per level.
                   A        B        C        D        E       F      G
               +--------+--------+--------+--------+--------+-----+--------+
         Total |   5861 |   1744 |   4117 |      0 |      0 |  16 |  366.3 |
       Dungeon |   4811 |   1331 |   3480 |      0 |      0 |  10 |  481.1 |
        Temple |    189 |      7 |    182 |      0 |      0 |   1 |  189.0 |
          Lair |    711 |    274 |    437 |      0 |      0 |   3 |  237.0 |
   Spider Nest |    148 |    130 |     18 |      0 |      0 |   2 |   74.0 |
               +--------+--------+--------+--------+--------+-----+--------+

Top non-repeatable levels by time:
     D:8: 1065 daAuts
     D:5: 735 daAuts
     D:4: 725 daAuts
     D:6: 446 daAuts
     D:7: 416 daAuts
     D:9: 389 daAuts
  Lair:1: 339 daAuts
     D:3: 331 daAuts
     D:2: 325 daAuts
    D:10: 220 daAuts
  Lair:2: 192 daAuts
  Temple: 189 daAuts
  Lair:3: 179 daAuts
     D:1: 155 daAuts
Spider:2: 100 daAuts
